 Dungeon Crawl Stone Soup version 0.25.1-8-g42b30a86e7 (webtiles) character file.

Game seed: 14902783070309872015

86 Gabide the Skirmisher (level 4, -6/55 HPs)
             Began as a Human Abyssal Knight on Dec 1, 2020.
             Was a Follower of Lugonu.
             Mangled by Sigmund
             ... wielding a +0 scythe
              (8 damage)
             ... on level 2 of the Dungeon.
             The game lasted 00:03:26 (1678 turns).

Gabide the Skirmisher (Human Abyssal Knight)        Turns: 1678, Time: 00:03:26

Health: -6/55      AC:  7    Str: 14    XL:     4   Next: 77%
Magic:  5/5        EV:  9    Int: 12    God:    Lugonu [*.....]
Gold:   126        SH:  0    Dex: 12    Spells: 3/3 levels left

rFire    . . .     SeeInvis .   a - +1 mace
rCold    . . .     Gourm    .   (no shield)
rNeg     . . .     Faith    .   j - +1 scale mail
rPois    .         Spirit   .   (no helmet)
rElec    .         Reflect  .   (no cloak)
rCorr    .         Harm     .   (no gloves)
MR       .....                  (no boots)
Stlth    ..........             (no amulet)
HPRegen  0.18/turn              (no ring)
MPRegen  0.09/turn              (no ring)

@: berserking, very quick
A: no striking features
a: Depart the Abyss, Renounce Religion


You were on level 2 of the Dungeon.
You worshipped Lugonu.
Lugonu was aware of your devotion.
You were hungry.

You visited 1 branch of the dungeon, and saw 2 of its levels.
You visited the Abyss 1 time.

You collected 126 gold pieces.

Inventory:

Hand Weapons
 a - a +1 mace (weapon)
Armour
 j - a +1 scale mail (worn)
Scrolls
 k - a scroll of remove curse
Potions
 e - a potion of heal wounds {unknown}
 f - 3 potions of lignification {unknown}
 g - a potion of might {unknown}
 h - a potion of haste {unknown}
 i - a potion of stabbing {unknown}
 l - a potion of resistance {unknown}
Comestibles
 b - 2 chunks of flesh
 c - 2 rations


   Skills:
 + Level 4.1 Fighting
 * Level 2.8 Maces & Flails
 * Level 2.7 Armour
 + Level 1.1 Dodging
 + Level 2.0 Invocations


You had 3 spell levels left.
You didn't know any spells.
Your spell library was empty.

Dungeon Overview and Level Annotations

Branches:
Dungeon (2/15)

Altars:
Yredelemnul

Annotations:
D:2 Sigmund


Message History

Sigmund closely misses you.
You hit Sigmund.
Sigmund is heavily wounded.
Sigmund gestures at you while chanting. The puff of flame hits you.
You barely miss Sigmund.
Sigmund is heavily wounded.
Sigmund gestures wildly while chanting.
Sigmund flickers and vanishes!
Deactivating autopickup; reactivate with Ctrl-A.
Something hits you!
* * * LOW HITPOINT WARNING * * *
It was a potion of berserk rage.
A red film seems to cover your vision as you go berserk!
You feel yourself moving faster!
You feel mighty!
You miss something. Something hits you.
* * * LOW HITPOINT WARNING * * *
You miss something. You barely miss something. Something hits you!
You die...

**,,* *,* *,,*,*
*,>* *,* ****,,,,*
**,* *,* *,,,,,***
*,* *,* *,***** *,*
*,* *,* *,****,*
#####,* *,,,,,,*
*...,,* ********
*#{#*** #@#
################.#
.....รท...........#
##################


There were no monsters in sight!

Vanquished Creatures
  Natasha (D:2)
  2 adders (D:2)
  2 oozes (D:1)
  A worm (D:2)
  3 dart slugs
  A leopard gecko (D:2)
  A giant cockroach (D:1)
  2 goblins (D:1)
  3 hobgoblins
  3 kobolds (D:1)
  5 bats
  2 frilled lizards
  4 rats
30 creatures vanquished.

Vanquished Creatures (others)
  A rat (D:1)
1 creature vanquished.

Grand Total: 31 creatures vanquished

Notes
Turn   | Place    | Note
-------+----------+-------------------------------------------
     0 | Abyss:1  | Gabide the Human Abyssal Knight began the quest for the
                  | Orb.
     0 | Abyss:1  | Reached XP level 1. HP: 18/18 MP: 2/2
    74 | Abyss:1  | Found a corrupted altar of Lugonu.
    95 | Abyss:1  | Noticed a neqoxec
    96 | D:1      | Escaped the Abyss
   224 | D:1      | Reached * piety under Lugonu
   502 | D:1      | Reached XP level 2. HP: 22/24 MP: 3/3
   685 | D:1      | Reached XP level 3. HP: 18/29 MP: 4/4
  1173 | D:2      | Reached skill level 4 in Fighting
  1326 | D:2      | Found a basalt altar of Yredelemnul.
  1410 | D:2      | Noticed Natasha
  1414 | D:2      | Killed Natasha
  1414 | D:2      | Reached XP level 4. HP: 36/37 MP: 5/5
  1659 | D:2      | Noticed Sigmund
  1676 | D:2      | HP: 2/55 [something (4)]
  1678 | D:2      | Mangled by Sigmund

Illustrated notes

Levels and vault maps discovered:
D:1:      heliophobic_arrival_glass_houses, layout_rooms
D:2:      layout_basic, kennysheep_ying_yang, minmay_distorted, uniq_terence,
          uniq_sigmund, uniq_natasha

Skill      XL: |  1  2  3 |
---------------+----------+-----
Fighting       | 4 |  4.1
Maces & Flails | |  2.8
Armour         | |  2.7
Dodging        | |  1.1
Invocations    | |  2.0

Action                   |  1- 3 |  4- 6 || total
-------------------------+-------+-------++-------
Melee: Mace              |    91 |    29 ||   120
Invok: Depart the Abyss  |     1 |       ||     1
  Use: Scroll            |     3 |     2 ||     5
       Potion            |       |     1 ||     1
  Eat: Chunk             |     2 |       ||     2
Armor: Leather armour    |     7 |       ||     7
       Ring mail         |    17 |       ||    17
       Scale mail        |    33 |    11 ||    44
Dodge: Dodged            |    68 |     8 ||    76
